AoeStats
← TIMVP

Arena

509767507Analyzed
3v3 RM · 3d ago on Sep 27, 2026· 61m 49s· 6 players
Game mode
Random Map
Map size
Normal (6 player)
Population
200
Speed
Normal
Resources
Standard
Victory
Conquest
Starting age
Dark Age
Ending age
Imperial Age
RankedLock teamsTeams togetherTeam positionsShared explorationLock speedFull tech treeHidden civsTurbo modeCheats
Victory
Defeat
🇵🇪 Danes · Peru
759
+14
🇻🇪 Saxons · Venezuela
749
+14
🇨🇱 Franks · Chile
732
+15
🇺🇸 Danes · United States
738
-15
🇨🇳 Burgundians · China
698
-14
🇲🇽 Aztecs · Mexico
692
-14
D3adFoxx
13:01 Feudal Age
17:53 Castle Age
19:04 Wheelbarrow
30:43 Double-Bit Axe
33:58 Hand Cart
38:07 Fletching
54:47 Thumb Ring
55:37 Crossbowman
58:22 Elite Skirmisher
Hackerman
5:29 Loom
11:25 Feudal Age
13:21 Double-Bit Axe
21:05 Castle Age
19:35 Horse Collar
19:50 Gold Mining
23:14 Bow Saw
23:34 Fletching
24:07 Heavy Plow
25:32 Scale Mail Armor
27:07 Wheelbarrow
27:16 Stone Mining
28:12 Forging
28:12 Town Watch
28:30 Pikeman
28:31 Man-at-Arms
29:30 Chain Mail Armor
30:56 Gold Shaft Mining
31:00 Stone Shaft Mining
31:03 Bodkin Arrow
32:39 Town Patrol
36:54 Imperial Age
34:54 Atlatl
35:05 Squires
36:08 Fortified Wall
35:54 Murder Holes
36:20 Ballistics
35:41 Treadmill Crane
35:56 Gambesons
35:57 Arson
36:32 Padded Archer Armor
36:56 Hand Cart
36:18 Long Swordsman
37:02 Capped Ram
38:17 Conscription
39:05 Chemistry
38:13 Siege Engineers
38:43 Crop Rotation
38:45 Two-Handed Swordsman
42:47 Plate Mail Armor
42:53 Iron Casting
42:19 Bracer
42:35 Leather Archer Armor
43:19 Garland Wars
42:46 Elite Skirmisher
42:47 Crossbowman
42:54 Champion
43:16 Arbalester
44:33 Elite Jaguar Warrior
52:18 Blast Furnace
石头哥
12:31 Feudal Age
14:31 Double-Bit Axe
19:20 Castle Age
32:22 Imperial Age
29:59 Horse Collar
30:50 Burgundian Vineyards
30:54 Scale Barding Armor
31:00 Forging
31:07 Bow Saw
30:53 Stone Mining
31:00 Gold Mining
31:27 Heavy Plow
34:04 Conscription
35:36 Chemistry
35:09 Husbandry
34:32 Cavalier
36:28 Wheelbarrow
36:17 Masonry
36:38 Chain Barding Armor
36:54 Iron Casting
35:53 Paladin
37:07 Crop Rotation
37:14 Stone Shaft Mining
37:17 Gold Shaft Mining
37:46 Two-Man Saw
37:56 Hand Cart
38:20 Bombard Tower
40:12 Plate Barding Armor
40:37 Blast Furnace
42:49 Architecture
42:05 Treadmill Crane
43:44 Fortified Wall
53:31 Light Cavalry
57:37 Hussar
brayanpsalas
11:26 Feudal Age
10:02 Loom
13:09 Town Watch
13:48 Man-at-Arms
16:39 Gold Mining
17:38 Wheelbarrow
17:49 Double-Bit Axe
20:51 Castle Age
19:46 Fletching
21:11 Arson
22:11 Gold Shaft Mining
23:53 Squires
24:02 Stone Mining
26:32 Scale Mail Armor
28:44 Forging
28:53 Bow Saw
30:35 Fortified Wall
33:43 Imperial Age
33:15 Hand Cart
35:02 Caravan
36:10 Two-Man Saw
35:53 Scale Barding Armor
36:24 Iron Casting
35:50 Bodkin Arrow
35:55 Padded Archer Armor
37:25 Chemistry
36:46 Ballistics
36:18 Cranequins
38:10 Siege Engineers
39:44 Conscription
39:57 Leather Archer Armor
40:07 Bracer
42:12 Ring Archer Armor
41:19 Elite Hearth Troop
42:56 Elite Varangian Guard
44:06 Thumb Ring
46:54 Chain Mail Armor
46:01 Heavy Mounted Crossbowman
47:02 Shield Wall
48:25 Town Patrol
49:39 Gambesons
49:43 Light Cavalry
50:34 Bloodlines
50:34 Horse Collar
52:06 Iron Casting
53:03 Scale Barding Armor
52:55 Hussar
55:52 Husbandry
57:14 Chain Barding Armor
Takhyom
3:49 Loom
9:56 Feudal Age
10:39 Double-Bit Axe
19:32 Castle Age
20:32 Bow Saw
20:53 Squires
20:17 Pikeman
21:26 Husbandry
22:44 Wheelbarrow
23:29 Stone Mining
24:09 Gold Mining
25:48 Hand Cart
27:14 Light Cavalry
28:28 Coinage
28:12 Forging
28:08 Scale Barding Armor
28:27 Fletching
28:27 Ordonnance Companies
31:54 Iron Casting
34:15 Imperial Age
32:25 Bodkin Arrow
32:49 Gambesons
33:26 Chain Barding Armor
33:56 Gold Shaft Mining
34:09 Padded Archer Armor
34:37 Scale Mail Armor
35:04 Ballistics
34:56 Masonry
34:42 Murder Holes
36:00 Plate Barding Armor
36:26 Blast Furnace
36:06 Banking
36:28 Chain Mail Armor
35:55 Elite Throwing Axeman
40:37 Chemistry
40:08 Architecture
39:44 Siege Engineers
39:49 Cavalier
41:48 Paladin
47:08 Caravan
50:54 Hoardings
50:20 Town Watch
54:13 Conscription
54:52 Plate Mail Armor
54:40 Leather Archer Armor
54:21 Treadmill Crane
TIMVP
3:20 Loom
5:21 Loom
11:51 Feudal Age
12:20 Double-Bit Axe
13:15 Wheelbarrow
13:33 Stone Mining
16:12 Horse Collar
22:59 Castle Age
21:49 Man-at-Arms
22:15 Man-at-Arms
23:02 Scale Mail Armor
23:40 Heavy Plow
23:53 Bow Saw
24:33 Pikeman
26:21 Stone Shaft Mining
25:49 Gold Mining
27:43 Gold Shaft Mining
35:27 Imperial Age
34:46 Hamask
36:36 Conscription
37:05 Gambesons
36:41 Long Swordsman
41:07 Two-Handed Swordsman
42:05 Chain Mail Armor
42:00 Forging
41:51 Northmen's Fury
41:55 Capped Ram
42:16 Champion
43:09 Heavy Scorpion
45:21 Hand Cart
44:44 Elite Jomsviking
47:43 Plate Mail Armor
47:48 Iron Casting
48:26 Hand Cart
49:50 Ballistics
49:37 Siege Engineers
53:34 Blast Furnace
52:47 Masonry
52:31 Arrowslits
56:01 Halberdier
Connection lost

Rejoining the realm…

Still unreachable

The connection could not be restored.

Session expired

The server has moved on; the page needs a fresh start.